 Dungeon Crawl Stone Soup version 0.23-a0-435-g79ed067 (webtiles) character file.

35 nikopol the Firebug (level 3, -1/19 HPs)
             Began as a Deep Elf Fire Elementalist on Nov 15, 2018.
             Killed by divine providence
             ... invoked by an orc priest
              (11 damage)
             ... on level 2 of the Dungeon.
             The game lasted 00:01:39 (746 turns).

nikopol the Firebug (Deep Elf Fire Elementalist)     Turns: 746, Time: 00:01:40

Health: -1/19      AC:  2    Str:  5    XL:     3   Next: 16%
Magic:  4/9        EV: 13    Int: 20    God:
Gold:   71         SH:  0    Dex: 15    Spells: 2/8 levels left

rFire    . . .     SeeInvis .   (no weapon)
rCold    . . .     Gourm    .   (no shield)
rNeg     . . .     Faith    .   a - +0 robe
rPois    .         Spirit   .   (no helmet)
rElec    .         Reflect  .   (no cloak)
rCorr    .         Harm     .   (no gloves)
MR       .....                  (no boots)
Stlth    ++........             (no amulet)
HPRegen  0.06/turn              (no ring)
MPRegen  0.11/turn              (no ring)

@: no status effects
A: no striking features
a: no special abilities


You were on level 2 of the Dungeon.
You were not hungry.

You visited 1 branch of the dungeon, and saw 2 of its levels.

You collected 71 gold pieces.

Inventory:

Armour
 a - a +0 robe (worn)
Jewellery
 b - a +2 ring of strength {unknown}
Scrolls
 d - 2 scrolls of teleportation {unknown}
 e - 2 scrolls of identify {unknown}
 f - a scroll of enchant armour {unknown}
 g - a scroll of blinking {unknown}
Potions
 h - a potion of curing {unknown}
 i - a potion of degeneration {unknown}
 j - a potion of resistance {unknown}
 k - a potion of heal wounds {unknown}
 l - a potion of agility {unknown}
Comestibles
 c - a ration


   Skills:
 + Level 2.7 Dodging
 + Level 2.8 Stealth
 + Level 3.2 Spellcasting
 + Level 1.4 Conjurations
 + Level 4.1 Fire Magic


You had 2 spell levels left.
You knew the following spells:

 Your Spells              Type           Power        Failure   Level  Hunger
a - Flame Tongue          Conj/Fire      ##...        4%          1    None
b - Throw Flame           Conj/Fire      ##....       7%          2    ##.....
c - Conjure Flame         Conj/Fire      ##......     13%         3    ###....

Your spell library contained the following spells:

 Spells                   Type           Power        Failure   Level  Hunger
 Inner Flame              Hex/Fire       ##......     19%         3    ###....
 Sticky Flame             Conj/Fire      ##......     41%         4    ####...
 Fireball                 Conj/Fire      ##........   77%         5    ######.


Dungeon Overview and Level Annotations

Branches:
Dungeon (2/15)

Altars:


Message History

The orc priest closely misses you.
Casting: Flame Tongue (safe; 4% risk of failure)
Confirm with . or Enter, or press ? or * to list all spells.
Aiming: Flame Tongue (safe; 4% risk of failure)
Press: ? - help, Shift-Dir - straight line, f/p - orc priest
Aim: an orc priest, wielding a +0 flail (lightly wounded)
The flame tongue hits the orc priest.
The orc priest is moderately wounded.
The orc priest hits you with a +0 flail!
Casting: Flame Tongue (safe; 4% risk of failure)
Confirm with . or Enter, or press ? or * to list all spells.
Aiming: Flame Tongue (safe; 4% risk of failure)
Press: ? - help, Shift-Dir - straight line, f/p - orc priest
Aim: an orc priest, wielding a +0 flail (moderately wounded)
The flame tongue hits the orc priest.
The orc priest is almost dead.
The orc priest mumbles some strange prayers to Beogh against you.
Beogh smites you!
Ouch! That really hurt!
You die...

#.....#.........#
#.....#...####
#.#..........#
..###..##.###.#
### #.....†# #.#
.....#### #.#
#.#...# #.#
#.....######o##
###.......@oo.#
..#########.#
........#
.........
...ooo...#
.o.o.....#
.........#
..........
........##


You could see an orc priest and 2 orcs.

Vanquished Creatures
  An adder (D:2)
  An orc (D:2)
  A ball python (D:1)
  2 bats (D:1)
  3 goblins
  3 hobgoblins
  6 kobolds
  A frilled lizard (D:1)
  4 rats (D:1)
22 creatures vanquished.

Notes
Turn   | Place    | Note
-------+----------+-------------------------------------------
     0 | D:1      | nikopol the Deep Elf Fire Elementalist began the quest for
                  | the Orb.
     0 | D:1      | Reached XP level 1. HP: 10/10 MP: 6/6
     3 | D:1      | Noticed an electric eel
     3 | D:1      | Noticed an electric eel
   209 | D:1      | Reached XP level 2. HP: 15/15 MP: 6/8
   579 | D:2      | Reached skill level 4 in Fire Magic
   681 | D:2      | Reached XP level 3. HP: 19/19 MP: 7/9
   685 | D:2      | Learned a level 2 spell: Throw Flame
   689 | D:2      | Learned a level 3 spell: Conjure Flame
   746 | D:2      | Killed from afar by an orc priest

Vault maps used:
D:1:      arrival_aquarium_b
D:2:      cheibrodos_pilgrimage

Skill      XL: |  1  2 |
---------------+-------+-----
Fire Magic     | 4 |  4.1
Dodging        | |  2.7
Stealth        | |  2.8
Spellcasting   | |  3.2
Conjurations   | |  1.4

Action                   || total
-------------------------++-------
 Cast: Flame Tongue      ||    35
Dodge: Dodged            ||     4

Table legend:
 A = Non-vault XP
 B = Vault XP
 C = Vault XP percentage of total XP
 D = Non-vault monster count
 E = Vault monster count
 F = Vault count percentage of total count
                 A         B        C        D         E       F
            +---------+---------+-------+---------+---------+-------
      Total |      47 |       3 |   6.0 |      21 |       1 |   4.5
            +---------+---------+-------+---------+---------+-------
        D:1 |      25 |       0 |   0.0 |      15 |       0 |   0.0
        D:2 |      22 |       3 |  12.0 |       6 |       1 |  14.3
            +---------+---------+-------+---------+---------+-------
